 Dungeon Crawl Stone Soup version 0.27-a0-364-g31b3477d74 (webtiles) character file.

Game seed: 17222897095879644007

52 tilp the Sneak (level 3, -2/23 HPs)
             Began as an Octopode Transmuter on Feb 16, 2021.
             Slain by a goblin
             ... wielding a +0 short sword
             ... led by Robin
              (8 damage)
             ... on level 2 of the Dungeon.
             The game lasted 00:02:05 (2116 turns).

tilp the Sneak (Octopode Transmuter)                Turns: 2116, Time: 00:02:05

Health: -2/23      AC:  1    Str:  9    XL:     3   Next: 85%
Magic:  3/6        EV: 13    Int: 16    God:
Gold:   77         SH:  0    Dex: 12    Spells: 0/6 levels left

rFire    . . .     SeeInvis .     - Unarmed
rCold    . . .     Faith    .   (no shield)
rNeg     . . .     Spirit   .   (helmet restricted)
rPois    .         Reflect  .   (no amulet)
rElec    .         Harm     .   (no ring)
rCorr    .         Rampage  .   (no ring)
Will     .....                  (no ring)
Stlth    +++.......             (no ring)
HPRegen  0.07/turn              (no ring)
MPRegen  0.10/turn              (no ring)
                                (no ring)
                                (no ring)

@: wereblooded
A: almost no armour, stealthy swim, amphibious, 8 rings, constrict 8, camouflage
1, gelatinous body 1
a: no special abilities


You were on level 2 of the Dungeon.
You visited 1 branch of the dungeon, and saw 2 of its levels.

You collected 77 gold pieces.

Inventory:

Missiles
 b - 59 stones (quivered)
 j - 6 javelins
Jewellery
 k - a ring of see invisible {unknown}
 l - a ring of see invisible {unknown}
Wands
 i - a wand of flame (47)
Scrolls
 a - 3 scrolls of identify {unknown}
 d - 2 scrolls of enchant armour {unknown}
 f - a scroll of enchant weapon {unknown}
Potions
 c - 3 potions of haste {unknown}
 e - a potion of resistance {unknown}
 g - a potion of curing {unknown}
 h - a potion of brilliance {unknown}


   Skills:
 + Level 1.6 Fighting
 - Level 2.0 Dodging
 - Level 4.0 Stealth
 + Level 3.3 Unarmed Combat
 - Level 2.0 Spellcasting
 - Level 2.0 Transmutations


You couldn't memorise any spells.
You knew the following spells:

 Your Spells              Type           Power        Failure   Level
a - Beastly Appendage     Tmut           16%          9%          1
b - Wereblood             Tmut           8%           14%         2
c - Spider Form           Tmut/Pois      2%           38%         3

Your spell library contained the following spells:

 Spells                   Type           Power        Failure   Level
 Ice Form                 Ice/Tmut       4%           80%         4
 Blade Hands              Tmut           4%           94%         5


Dungeon Overview and Level Annotations

Branches:
Dungeon (2/15)

Altars:
Uskayaw

Annotations:
D:2 Robin


Innate Abilities, Weirdness & Mutations

You cannot wear most types of armour.
You are very stealthy in the water. (Stealth+)
You are amphibious.
You can wear up to eight rings at the same time.
You can use your tentacles to constrict eight enemies at once.
Your skin changes colour to match your surroundings (Stealth+).
Your rubbery body absorbs attacks. (AC +1, EV +1)


Message History

You howl as the wereblood boils in your veins!
Robin hits you but does no damage. Robin closely misses you.
You tentacle-slap Robin but do no damage.
You grab Robin.
You pierce Robin.
Robin is moderately wounded.
You constrict Robin.
The goblin no longer looks unusually strong.
Robin throws the goblin at you! The goblin hits you but does no damage.
You tentacle-slap Robin.
You pierce Robin, but do no damage.
Robin is heavily wounded.
You constrict Robin. Robin throws the goblin at you!
The goblin closely misses you.
You tentacle-slap Robin.
Robin is severely wounded.
Your tentacle spike disappears.
You constrict Robin, but do no damage. The goblin closely misses you.
Robin roars a battlecry!
The goblin goes into a battle-frenzy!
The goblin closely misses you.
You tentacle-slap Robin but do no damage.
Robin is severely wounded.
You constrict Robin, but do no damage.
The goblin no longer looks unusually strong.
The goblin hits you with a +0 short sword.
* * * LOW HITPOINT WARNING * * *
Robin barely misses you.
You tentacle-slap Robin.
Robin is severely wounded.
You constrict Robin. The goblin hits you but does no damage.
The goblin barely misses you.
Robin roars a battlecry!
The goblin goes into a battle-frenzy!
Unknown command.
You tentacle-slap Robin.
Robin is almost dead.
You constrict Robin, but do no damage. The goblin hits you with a +0 dagger.
* * * LOW HITPOINT WARNING * * *
The goblin hits you with a +0 short sword!
You die...

#.........# #.#..#
#.........###.####
#..(.............)
######.......####.....
#............# #.####
#............# ######
#............# #....
#...gg######## #....
#....@# #.... #...gg# #....
#...).# #.... ######.....#
#....
#..........############....
#......######........##....
#......######........##....
#......##............#.....
#......##.....#####........


You could see Robin, a hobgoblin (strong) and 2 goblins.

Vanquished Creatures
  2 oozes
  3 dart slugs (D:1)
  4 bats
  10 goblins
  5 hobgoblins
  A ball python (D:2)
  3 frilled lizards (D:1)
  5 kobolds
  4 rats
37 creatures vanquished.

Notes
Turn   | Place    | Note
-------+----------+-------------------------------------------
     0 | D:1      | tilp the Octopode Transmuter began the quest for the Orb.
     0 | D:1      | Reached XP level 1. HP: 13/13 MP: 3/3
    72 | D:1      | Reached skill level 1 in Stealth
   182 | D:1      | Reached skill level 2 in Stealth
   182 | D:1      | Reached XP level 2. HP: 16/18 MP: 5/5
   401 | D:1      | Reached skill level 3 in Stealth
   844 | D:1      | Reached XP level 3. HP: 23/23 MP: 6/6
   852 | D:1      | Learned a level 2 spell: Wereblood
   856 | D:1      | Learned a level 3 spell: Spider Form
  1032 | D:1      | Reached skill level 4 in Stealth
  1150 | D:2      | Found a hide-covered altar of Uskayaw.
  1153 | D:2      | Noticed a +0 hand axe
  1153 | D:2      | Noticed a +0 hand axe
  1168 | D:2      | Noticed Robin
  2116 | D:2      | Slain by a goblin

Illustrated notes

Levels and vault maps discovered:
D:1:      heliophobic_arrival_ceremonial_halls, layout_loops_ring
D:2:      layout_basic, dancing_weapons_uskayaw, kennysheep_cross_room,
          minivault_25, minmay_misc_feat_nine_boxes, dk_noncrumbling_3,
          minmay_octomino_e4, uniq_robin

Skill      XL: |  1  2  3 |
---------------+----------+-----
Stealth        | 2 3 4 |  4.0
Fighting       | |  1.6
Dodging        | |  2.0
Unarmed Combat | |  3.3
Spellcasting   | |  2.0
Transmutations | |  2.0

Action                   || total
-------------------------++-------
Melee: Unarmed           ||    78
       Tentacles         ||    14
       Constrict         ||    21
       Kick              ||     5
       Punch             ||     1
Throw: Javelin           ||     1
 Cast: Beastly Appendage ||     5
       Wereblood         ||     2
Evoke: Wand              ||     1
 Stab: Sleeping          ||    14
Armor: Skin              ||     9
Dodge: Dodged            ||    30

Table legend: (Time is in decaauts)
 A = Elapsed time spent in this place.
 B = Non-inter-level travel time spent in this place.
 C = Inter-level travel time spent in this place.
 D = Time resting spent in this place.
 E = Time spent auto-exploring this place.
 F = Levels seen in this place.
 G = Mean time per level.
                   A        B        C        D        E       F      G
               +--------+--------+--------+--------+--------+-----+--------+
         Total |   2113 |   2045 |     68 |    331 |   1479 |   2 | 1056.5 |
       Dungeon |   2113 |   2045 |     68 |    331 |   1479 |   2 | 1056.5 |
               +--------+--------+--------+--------+--------+-----+--------+

Top non-repeatable levels by time:
     D:1: 1486 daAuts
     D:2: 626 daAuts
